 Dungeon Crawl Stone Soup version 0.31-a0-845-g9abc20d24f (webtiles) character file.

Game seed: 15392961560512940065

3636 greenreed the Grappler (level 10, -4/72 HPs)
             Began as an Octopode Shapeshifter on Oct 2, 2023.
             Was an Initiate of Wu Jian.
             Killed from afar by an acid dragon (20 damage)
             ... with a splash of acid
             ... on level 8 of the Dungeon.
             The game lasted 00:22:05 (9392 turns).

greenreed the Grappler (Octopode Shapeshifter)      Turns: 9392, Time: 00:22:06

Health: -4/72      AC: -3    Str: 18    XL:     10   Next: 11%
Magic:  10/10      EV: 15    Int: 13    God:    Wu Jian [......]
Gold:   432        SH:  0    Dex: 11    Spells: 9/9 levels left

rFire   . .          .
                       - Unarmed
rCold   . . .        (no shield)
rNeg    . . .        (helmet currently unavailable)
rPois   .            (no amulet)
rElec   .            (no ring)
rCorr   .            (no ring)
SInv    .            (no ring)
Will    .....        (no ring)
Stlth   ++           (no ring)
HPRegen 0.32/turn    (no ring)
MPRegen 0.12/turn    (no ring)
                     (no ring)

%: no passive effects
@: beast-form, corroded
A: beast (slay +3), almost no armour, amphibious, 8 rings, camouflage 1,
gelatinous body 1, (nimble swimmer 1), tentacles
a: Begin Untransformation, Renounce Religion


You were on level 8 of the Dungeon.
You worshipped Wu Jian.
Wu Jian was noncommittal.
You were a hulking beast.
You visited 2 branches of the dungeon, and saw 9 of its levels.
You also visited: Sewer, Ossuary and Bailey.

You collected 432 gold pieces.

Inventory:

Hand Weapons
 G - the +2 quarterstaff of Corruption {pain, rElec Str-3 Stlth+}
   (You took it off an orc warrior in a bailey)

   Str-3:     It affects your strength (-3).
   rElec:     It insulates you from electricity.
   Stlth+:    It makes you more stealthy.
Missiles
 i - 2 javelins
 A - a curare-tipped dart
 C - 3 datura-tipped darts
 F - 6 atropa-tipped darts (quivered)
Armour
 l - a +2 hat
Jewellery
 f - a ring of ice
 H - a ring of wizardry
Talismans
 b - a beast talisman (active)
 c - a flux talisman
Wands
 o - a wand of polymorph (14)
 t - a wand of charming (6)
 y - a wand of flame (7)
Scrolls
 e - 6 scrolls of enchant weapon {unknown}
 g - 2 scrolls of vulnerability {unknown}
 j - a scroll of brand weapon {unknown}
 m - a scroll of summoning {unknown}
 p - a scroll of fear {unknown}
 q - a scroll of fog {unknown}
 r - 3 scrolls of teleportation {unknown}
 s - 2 scrolls of noise {unknown}
 v - 8 scrolls of identify {unknown}
 x - a scroll of revelation {unknown}
 z - a scroll of blinking {unknown}
 E - 2 scrolls of amnesia {unknown}
Potions
 a - 2 potions of lignification
 d - 6 potions of invisibility
 h - a potion of attraction {unknown}
 k - 5 potions of curing
 n - 3 potions of enlightenment {unknown}
 u - a potion of degeneration {unknown}
 w - 2 potions of haste {unknown}
 B - a potion of heal wounds {unknown}
 D - a potion of mutation {unknown}
 I - a potion of might {unknown}


   Skills:
 * Level 8.2 Fighting
 + Level 6.1 Dodging
 * Level 8.8 Unarmed Combat
 + Level 6.1 Shapeshifting


You had 9 spell levels left.
You didn't know any spells.
Your spell library contained the following spells:

 Spells                   Type           Power      Damage    Failure   Level
 Shock                    Conj/Air       0%         1d3       30%         1
 Poisonous Vapours        Pois/Air       0%         N/A       43%         2
 Hailstorm                Conj/Ice       0%         3d3       67%         3
 Swiftness                Air            0%         N/A       67%         3
 Airstrike                Air            0%         2d(0-16)  97%         4
 Summon Ice Beast         Ice/Summ       0%         N/A       97%         4
 Simulacrum               Ice/Necr       0%         N/A       100%        6


Dungeon Overview and Level Annotations

Branches:
Dungeon (8/15)             Temple (1/1) D:7           Sewer (visited)
Ossuary (visited)          Bailey (visited)
   Lair: D:8-11

Altars:
Ashenzari
Cheibriados
Dithmenos
Gozag
Hepliaklqana
Okawaru
Ru
Sif Muna
Trog
Wu Jian
Xom
Zin
The Shining One

Shops:
D:7 *

Annotations:
D:8 exclusion: troll
Temple 2 transporters


Innate Abilities, Weirdness & Mutations

You are a hulking beast.
Your limbs bulge with bestial killing power. (Slay +3)
You cannot wear most types of armour.
You are amphibious.
You can wear up to eight rings at the same time.
Your skin changes colour to match your surroundings (Stealth+).
Your rubbery body absorbs attacks. (AC +1, EV +1)
((You are camouflaged when in or above water. (Stealth+)))
You have tentacles for arms and can constrict up to eight enemies at once.


Message History

You feel sick.
You see here a komodo dragon corpse.
You feel sick.
You are no longer poisoned.
The acid dragon spits acid at you. The splash of acid misses you.
You hear an angry hiss.
The acid dragon spits acid at you. The splash of acid hits you!!
* * * LOW HITPOINT WARNING * * *
The acid corrodes you!
There is a stone staircase leading up here.
You climb upwards.
There is a stone staircase leading down here.
You start resting.
You are no longer corroded.
You start resting.
HP restored.
You climb downwards.
Level annotation: exclusion: troll
There is a stone staircase leading up here.
The acid dragon barely misses you. The acid dragon claws you.
You closely miss the acid dragon. You squeeze the acid dragon!
The acid dragon is moderately wounded.
The acid dragon spits acid at you. The splash of acid hits you!!
The acid corrodes you!
You hear an angry growl.
You hear a bellow!
You tentacle-slap the acid dragon.
The acid dragon is moderately wounded.
The acid dragon bites you! The acid dragon claws you.
You tentacle-slap the acid dragon but do no damage.
You squeeze the acid dragon, but do no damage.
The acid dragon is moderately wounded.
The acid dragon bites you! The acid dragon claws you.
* * * LOW HITPOINT WARNING * * *
You bludgeon the acid dragon!
The acid dragon is severely wounded.
The acid dragon spits acid at you. The splash of acid hits you!!
You die...

#.##.# #########.# #.##.# ##.##
#....# #######...#####
######### #.............# P..##
#.#####...###.#
..PP.############.# #....## #.#
..P.......D†....#.# #.#### ##.#
..PP..P...#####D#.###...####...
...P...P...# #h................
..P......P.# #..#.#####.####...
.:...PP....# #<.#.# #.# ##.#
.......)...# #.÷#.#####.#####.#
..P..PP..P.# #................#
...P....P.## ##..######.#######


P..PP.PP.P. #..# #.# .P.P.....##. #..# #.# PP......P##.###..######.# You could
see an acid dragon (catching breath).

Vanquished Creatures
  A komodo dragon (D:8)
  2 water moccasins
  8 orc warriors
  3 black bears
  2 centaurs
  A phantom (D:5)
  A kobold brigand (Sewer)
  An elf zombie (Ossuary)
  3 scorpions
  2 bullfrogs
  9 wights (D:7)
  2 howler monkeys
  A centaur zombie (Ossuary)
  A crimson imp (D:4)
  2 human zombies (Ossuary)
  3 hounds
  2 orc priests
  3 sleepcaps
  Jessica (D:3)
  2 iguanas
  Natasha (thrice) (D:2)
  2 orc wizards (D:5)
  2 mummies (Ossuary)
  8 adders
  3 gnolls (D:5)
  6 river rats
  An ufetubus (D:5)
  An adder zombie (Ossuary)
  5 worms
  3 dart slugs
  43 orcs
  7 ball pythons
  4 bats
  4 endoplasms
  3 giant cockroaches
  14 goblins
  6 hobgoblins
  3 jackals (D:4)
  2 quokkas
  7 frilled lizards
  3 goblin skeletons (D:4)
  3 goblin zombies
  11 hobgoblin zombies
  3 jackal zombies (Ossuary)
  6 kobolds
  A kobold skeleton (D:4)
  7 kobold zombies
  2 orc skeletons (D:4)
  11 orc zombies (Ossuary)
  6 rats
  A rat zombie (Ossuary)
231 creatures vanquished.

Vanquished Creatures (others)
  An orc warrior (Bailey)
1 creature vanquished.

Grand Total: 232 creatures vanquished

Notes
Turn   | Place    | Note
-------+----------+-------------------------------------------
     0 | D:1      | greenreed the Octopode Shapeshifter began the quest for the
                  | Orb.
     0 | D:1      | Reached XP level 1. HP: 13/13 MP: 1/1
   113 | D:1      | Reached XP level 2. HP: 16/18 MP: 2/2
   424 | D:2      | Reached XP level 3. HP: 14/23 MP: 3/3
  1071 | D:2      | Noticed Natasha
  1077 | D:2      | Killed Natasha
  1078 | D:2      | Reached XP level 4. HP: 29/29 MP: 4/4
  1264 | D:2      | Noticed Natasha
  1272 | D:2      | Killed Natasha
  1559 | D:2      | Noticed Natasha
  1564 | D:2      | Killed Natasha
  1565 | D:2      | Reached XP level 5. HP: 35/35 MP: 5/5
  2223 | D:3      | Noticed Jessica
  2249 | D:3      | Killed Jessica
  2291 | D:3      | Found a hazy altar of Hepliaklqana.
  2292 | D:3      | Found a faded altar of an unknown god.
  2445 | D:3      | Found a faded altar of an unknown god.
  2537 | D:4      | Found a glowing golden altar of the Shining One.
  2552 | D:4      | Reached XP level 6. HP: 35/42 MP: 6/6
  2616 | D:4      | Found a sand-covered staircase.
  2633 | Ossuary  | Entered an ossuary
  2951 | Ossuary  | HP: 2/42 [elf zombie (7)]
  2960 | Ossuary  | Reached XP level 7. HP: 16/47 MP: 7/7
  3102 | D:4      | Reached skill level 5 in Unarmed Combat
  3642 | D:4      | Found a broken altar of Ashenzari.
  3695 | D:4      | Found a snail-covered altar of Cheibriados.
  3723 | D:5      | Entered Level 5 of the Dungeon
  3868 | D:5      | Found a shimmering blue altar of Sif Muna.
  3914 | D:5      | Got a worn book
  3919 | D:5      | Found a bloodstained altar of Trog.
  4026 | D:5      | Found a glowing drain.
  4067 | Sewer    | Entered a sewer
  4129 | Sewer    | Reached XP level 8. HP: 54/54 MP: 8/8
  4294 | Sewer    | Reached skill level 5 in Fighting
  4916 | D:5      | Identified the +0 pair of gloves of Hareocha {+Inv rElec
                  | rPois}
  5286 | D:6      | Identified the +0 ring mail of the Guilds {rC+ Dex+8}
  5426 | D:6      | Identified the +0 plate armour of Beogh's Castigation {rC-
                  | Regen+ Str+4 Dex+2}
  6025 | D:6      | Reached skill level 5 in Shapeshifting
  6274 | D:7      | Found Yciurroz's Assorted Antiques.
  6408 | D:7      | Reached XP level 9. HP: 63/63 MP: 9/9
  6473 | D:7      | Reached skill level 5 in Dodging
  6532 | D:7      | Found a flagged portal.
  6550 | Bailey   | Entered a bailey
  7198 | Bailey   | Identified the +2 quarterstaff of Corruption {pain, rElec
                  | Str-3 Stlth+}
  7744 | Bailey   | Identified the +2 pair of gloves of Ydeac {rF+ SInv}
  8526 | D:7      | Found a staircase to the Ecumenical Temple.
  8532 | Temple   | Found a transporter.
  8532 | Temple   | Found a transporter.
  8532 | Temple   | Found a transporter.
  8532 | Temple   | Found a transporter.
  8532 | Temple   | Entered the Ecumenical Temple
  8549 | Temple   | Became a worshipper of the Wu Jian Council
  8805 | D:8      | Noticed a troll
  9044 | D:8      | Noticed a komodo dragon
  9059 | D:8      | Killed a komodo dragon
  9060 | D:8      | Reached XP level 10. HP: 42/72 MP: 10/10
  9392 | D:8      | Killed from afar by an acid dragon

Illustrated notes

Levels and vault maps discovered:
D:1:      minmay_arrival_up_and_down, layout_rooms, minmay_cupped
D:2:      layout_basic, uniq_natasha
D:3:      kennysheep_big_flooded_room, layout_loops_ring,
          beargit_hepliaklqana_dungeon_heroes,
          dilly_ecumenical_altar_fadedgnrine
D:4:      layout_cave_pools, kennysheep_mini, nicolae_overflow_hidden_temple,
          nicolae_tso_besieged_by_evil, enter_ossuary_3
D:5:      layout_loops_ring, nzn_overflow_gifts_of_might_and_magic,
          portal_sewer_entry_a
D:6:      black_bear_nest_2, layout_gridville, grunt_decor_arrowhead
D:7:      layout_basic, minmay_temple_entry_enclosed_plants, enter_bailey_3,
          serial_shops, shop, kennysheep_another_room
D:8:      layout_loops_ring, grunt_temple_overflow_growth_and_decay,
          due_lair_maze_entry_diamond
Temple:   hellmonk_temple_divided_pantheon

Skill      XL: |  1  2  3  4  5  6  7  8  9 10 |
---------------+-------------------------------+-----
Fighting       | 2 3 4 6 8 |  8.2
Dodging        | 3 4 5 6 |  6.1
Unarmed Combat | 4 5 7 8 |  8.8
Shapeshifting  | 4 5 6 |  6.1

Action                     |  1- 3 |  4- 6 |  7- 9 | 10-12 || total
---------------------------+-------+-------+-------+-------++-------
  Melee: Unarmed           |    53 |   156 |   324 |    18 ||   551
         Constrict         |    11 |    51 |    89 |     3 ||   154
         Tentacles         |     4 |    33 |    89 |     8 ||   134
         Punch             |     1 |     8 |    30 |     1 ||    40
  Throw: Dart              |       |       |     2 |       ||     2
Ability: Lunge             |       |       |     2 |     1 ||     3
    Use: Potion            |       |     2 |     2 |       ||     4
   Stab: Sleeping          |     2 |     8 |    11 |       ||    21
         Invisible         |       |     1 |       |       ||     1
 Armour: Skin              |    25 |    68 |   139 |    11 ||   243
  Dodge: Dodged            |    39 |    62 |   152 |    11 ||   264

Table legend: (Time is in decaauts)
 A = Elapsed time spent in this place.
 B = Non-inter-level travel time spent in this place.
 C = Inter-level travel time spent in this place.
 D = Time resting spent in this place.
 E = Time spent auto-exploring this place.
 F = Levels seen in this place.
 G = Mean time per level.
                   A        B        C        D        E       F      G
               +--------+--------+--------+--------+--------+-----+--------+
         Total |   9348 |   8564 |    784 |   1127 |   5323 |  12 |  779.0 |
       Dungeon |   7226 |   6453 |    773 |    552 |   4590 |   8 |  903.2 |
        Temple |     29 |     18 |     11 |      0 |      0 |   1 |   29.0 |
         Sewer |    437 |    437 |      0 |      0 |    273 |   1 |  437.0 |
       Ossuary |    443 |    443 |      0 |     31 |    254 |   1 |  443.0 |
        Bailey |   1211 |   1211 |      0 |    544 |    206 |   1 | 1211.0 |
               +--------+--------+--------+--------+--------+-----+--------+

Top non-repeatable levels by time:
     D:7: 1359 daAuts
     D:6: 1237 daAuts
  Bailey: 1211 daAuts
     D:2: 1169 daAuts
     D:3: 944 daAuts
     D:5: 911 daAuts
     D:4: 838 daAuts
 Ossuary: 443 daAuts
   Sewer: 437 daAuts
     D:1: 412 daAuts
     D:8: 351 daAuts
  Temple: 29 daAuts
